 Dungeon Crawl Stone Soup version 0.30-a0-172-gc5509c9e31 (webtiles) character file.

Game seed: 17998423696482721921

141 qw the Chopper (level 5, -4/32 HPs)
             Began as a Gargoyle Fighter on Oct 1, 2022.
             Slain by Sigmund
             ... wielding a +0 scythe
              (6 damage)
             ... on level 3 of the Dungeon.
             The game lasted 00:00:52 (1826 turns).

qw the Chopper (Gargoyle Fighter)                   Turns: 1826, Time: 00:00:53

Health: -4/32      AC: 13    Str: 21    XL:     5   Next: 24%
Magic:  5/5        EV:  7    Int:  9    God:
Gold:   147        SH:  4    Dex:  9    Spells: 4/4 levels left

rFire   . . .      SeeInvis .    Y - +0 war axe
rCold   . . .      Faith    .    c - +0 buckler
rNeg    + . .      Spirit   .    e - +0 chain mail
rPois   inf        Reflect  .    (no helmet)
rElec   +          Harm     .    (no cloak)
rCorr   .          Rampage  .    (no gloves)
Will    .....                    (no boots)
Stlth   ..........               (no amulet)
HPRegen 0.25/turn                (no ring)
MPRegen 0.09/turn                (no ring)

@: no status effects
A: sickness immunity, AC +4, negative energy resistance 1, electricity
resistance, torment resistance 1, petrification resistance
a: no special abilities


You were on level 3 of the Dungeon.
You visited 1 branch of the dungeon, and saw 3 of its levels.

You collected 147 gold pieces.


Innate Abilities, Weirdness & Mutations

You are immune to sickness and miasma.
Your stone body is resilient. (AC +4)
You are immune to poison.
You resist negative energy. (rN+)
You are resistant to electric shocks. (rElec)
You are resistant to unholy torment.
You are immune to petrification.


   Skills:
 - Level 3.2 Fighting
 + Level 4.8 Axes
 - Level 3.2 Armour
 - Level 3.2 Shields


You had 4 spell levels left.
You didn't know any spells.
Your spell library was empty.

Inventory:

Hand Weapons
 b - a +0 flail
 Y - a +0 war axe (weapon)
Missiles
 k - 4 boomerangs (quivered)
Armour
 c - a +0 buckler (worn)
 e - a +0 chain mail (worn)
Scrolls
 a - 3 scrolls of identify
 f - a scroll of blinking {unknown}
Potions
 d - 2 potions of might
 g - a potion of cancellation {unknown}
 h - a potion of lignification {unknown}
 i - a potion of haste {unknown}
 j - a potion of curing
 l - a potion of degeneration {unknown}
 m - a potion of heal wounds {unknown}

Dungeon Overview and Level Annotations

Branches:
Dungeon (3/15)

Altars:

Annotations:
D:3 Sigmund


Message History

You closely miss something. Something hits you but does no damage.
You closely miss something. Something hits you but does no damage.
You closely miss something. Something hits you.
You miss something. Something hits you but does no damage.
You miss something. Something hits you but does no damage.
You hit something.
You hear some strange, mumbled words.
A puff of flame appears from out of thin air!
The puff of flame hits you!
You closely miss something. Something hits you.
You barely miss something.
You hear some strange, mumbled words.
Something tries to affect you, but you resist.
You hit something but do no damage. Something hits you but does no damage.
You closely miss something.
You hear some strange, mumbled words.
A magic dart appears from out of thin air!
The magic dart hits you.
You barely miss something. Something hits you but does no damage.
You miss something. Something hits you but does no damage.
You barely miss something. You barely miss something. Something hits you.
You closely miss something.
Sigmund appears from thin air!
Reactivating autopickup.
Sigmund hits you with a +0 scythe.
You hit Sigmund.
Sigmund is moderately wounded.
Sigmund hits you with a +0 scythe.
You die...

# ... # ############.# #
# #.. ..... ...##.# # #
# #.# #.#.# #....... ..
####.###.#.###..##.# .#
..........^........#..#
####.###........##...
...#.# #........##.#..##
.#.#.......####.@@......
##.#####.### #...:...##
##.# #[.. ####.#### ##.#
#... .# ...# #... .
..#####...# .. ..#......
.. ..%...... ..#
..#......


You could see Sigmund.

Vanquished Creatures
  4 gnolls (D:2)
  3 adders (D:2)
  A worm (D:2)
  5 dart slugs
  3 ball pythons (D:1)
  8 endoplasms
  3 giant cockroaches
  4 goblins
  4 hobgoblins
  3 jackals (D:1)
  4 kobolds
  A quokka (D:1)
  9 bats
  6 frilled lizards
  7 rats
65 creatures vanquished.

Vanquished Creatures (others)
  3 demonic plants (D:1)
  2 withered plants (D:1)
5 creatures vanquished.

Grand Total: 70 creatures vanquished

Notes
Turn   | Place    | Note
-------+----------+-------------------------------------------
     0 | D:1      | qw the Gargoyle Fighter began the quest for the Orb.
     0 | D:1      | Reached XP level 1. HP: 14/14 MP: 1/1
     0 | D:1      | 0 ||| qw: Version: 0.2-a-13-gfc7b4b4
     0 | D:1      | 0 ||| qw: Game counter: 1798
     0 | D:1      | 0 ||| qw: Always use a shield: true
     0 | D:1      | 0 ||| qw: God list: Okawaru
     0 | D:1      | 0 ||| qw: Allow faded altars: false
     0 | D:1      | 0 ||| qw: Do Orc after D:15 true
     0 | D:1      | 0 ||| qw: Do second Lair branch before Depths: true
     0 | D:1      | 0 ||| qw: Lair rune preference: random
     0 | D:1      | 0 ||| qw: Plans: Normal, Zot:1-4, God:TSO, Crypt, Tomb,
                  | Pan, Slime:5, Hells, Abyss, Orb
     0 | D:1      | 0 ||| PLANNING D:1-11
    38 | D:1      | Reached skill level 2 in Axes
   106 | D:1      | Reached XP level 2. HP: 19/19 MP: 2/2
   148 | D:1      | 148 ||| Stepping ~*~*~tactically~*~*~ (stealth).
   214 | D:1      | Reached skill level 3 in Axes
   447 | D:1      | Reached XP level 3. HP: 23/23 MP: 3/3
   564 | D:1      | 564 ||| Stepping ~*~*~tactically~*~*~ (stealth).
   569 | D:1      | 569 ||| Stepping ~*~*~tactically~*~*~ (stealth).
   580 | D:1      | 580 ||| Stepping ~*~*~tactically~*~*~ (stealth).
   580 | D:1      | Found a faded altar of an unknown god.
   581 | D:1      | 581 ||| Stepping ~*~*~tactically~*~*~ (stealth).
   582 | D:1      | 582 ||| Stepping ~*~*~tactically~*~*~ (stealth).
   616 | D:1      | 616 ||| Stepping ~*~*~tactically~*~*~ (hiding).
   806 | D:1      | 806 ||| UPGRADING to +0 chain mail.
   816 | D:1      | 816 ||| DROPPING +0 scale mail.
   817 | D:1      | 817 ||| DROPPING amulet of faith.
   818 | D:1      | 818 ||| READING scroll labelled HIWAMIKAUNN.
   819 | D:1      | 819 ||| READING scroll labelled RECKEFF TEACZYR.
   876 | D:2      | 876 ||| Stepping ~*~*~tactically~*~*~ (hiding).
   927 | D:2      | 927 ||| DROPPING +0 whip.
   928 | D:2      | 928 ||| Stepping ~*~*~tactically~*~*~ (stealth).
   977 | D:2      | Reached XP level 4. HP: 28/28 MP: 4/4
  1048 | D:2      | Reached skill level 4 in Axes
  1362 | D:2      | Reached XP level 5. HP: 13/32 MP: 5/5
  1441 | D:2      | 1441 ||| DROPPING +2 hand axe of distortion.
  1552 | D:2      | 1552 ||| READING 3 scrolls labelled KEVUOH RAHOETS.
  1553 | D:2      | 1553 ||| READING scroll labelled BAEDOQ JUO.
  1554 | D:2      | 1554 ||| DRINKING 2 brown potions.
  1555 | D:2      | 1555 ||| READING 2 scrolls of identify.
  1555 | D:2      | 1555 ||| IDENTIFYING fuming orange potion
  1556 | D:2      | 1556 ||| DROPPING potion of berserk rage.
  1581 | D:3      | 1581 ||| STAIRDANCE
  1798 | D:3      | Noticed Sigmund
  1799 | D:3      | 1799 ||| Stepping ~*~*~tactically~*~*~ (hiding).
  1824 | D:3      | HP: 8/32 [something (3)]
  1825 | D:3      | HP: 2/32 [Sigmund/+0 scythe (6)]
  1826 | D:3      | Slain by Sigmund

Levels and vault maps discovered:
D:1:      heliophobic_arrival_enchanted_forest, layout_basic,
          shapermc_ecumenical_altar_gd
D:2:      minmay_alternating_diamond, layout_rooms
D:3:      layout_loops_cross, marbit_many_paths, serial_shops, shop,
          uniq_sigmund

Skill      XL: |  1  2  3  4 |
---------------+-------------+-----
Axes           | 2 3 4 |  4.8
Fighting       | |  3.2
Armour         | |  3.2
Shields        | |  3.2

Action                   |  1- 3 |  4- 6 || total
-------------------------+-------+-------++-------
Melee: War axe           |    99 |    80 ||   179
Throw: Boomerang         |    18 |    27 ||    45
  Use: Scroll            |     2 |     3 ||     5
       Potion            |       |     1 ||     1
Armor: Scale mail        |    39 |       ||    39
       Chain mail        |    13 |    42 ||    55
Dodge: Dodged            |    50 |    13 ||    63
Block: Buckler           |    20 |    15 ||    35

Table legend:
 A = Non-vault XP
 B = Vault XP
 C = Vault XP percentage of total XP
 D = Non-vault monster count
 E = Vault monster count
 F = Vault count percentage of total count
                 A         B        C        D         E       F
            +---------+---------+-------+---------+---------+-------
      Total |     189 |      13 |   6.4 |      59 |       6 |   9.2
            +---------+---------+-------+---------+---------+-------
        D:1 |      50 |       0 |   0.0 |      29 |       0 |   0.0
        D:2 |     123 |      13 |   9.6 |      22 |       6 |  21.4
        D:3 |      16 |       0 |   0.0 |       8 |       0 |   0.0
            +---------+---------+-------+---------+---------+-------
